 Dungeon Crawl Stone Soup version 0.23-a0-143-g1adec7b (webtiles) character file.

509 Amnesiac the Chiller (level 6, -1/41 HPs)
             Began as a Mummy Ice Elementalist on Sept 5, 2018.
             Was an Initiate of Vehumet.
             Killed from afar by Natasha (10 damage)
             ... with a magic dart
             ... on level 2 of the Dungeon.
             The game lasted 00:04:46 (3006 turns).

Amnesiac the Chiller (Mummy Ice Elementalist)       Turns: 3006, Time: 00:04:47

Health: -1/41      AC:  2    Str: 11    XL:     6   Next: 98%
Magic:  10/14      EV: 12    Int: 17    God:    Vehumet [......]
Gold:   113        SH:  0    Dex: 12    Spells: 4/16 levels left

rFire    x . .     SeeInvis .   h - +0 mace
rCold    + . .     Gourm    .   (no shield)
rNeg     + + +     Faith    .   a - +0 robe
rPois    ∞         Spirit   .   (no helmet)
rElec    .         Reflect  .   (no cloak)
rCorr    +         Harm     .   (no gloves)
MR       .....                  (no boots)
Stlth    ++........             (no amulet)
HPRegen  0.13/turn              c - ring of resist corrosion
MPRegen  0.14/turn              (no ring)

@: no status effects
A: no food or potions, fire vulnerability, cold resistance 1, negative energy
resistance 3, torment resistance, unbreathing
a: Renounce Religion


You were on level 2 of the Dungeon.
You worshipped Vehumet.
Vehumet was noncommittal.
You were not hungry.

You visited 2 branches of the dungeon, and saw 7 of its levels.
You also visited: Sewer.

You collected 113 gold pieces.

Inventory:

Hand Weapons
 b - a +0 arbalest
 h - a +0 mace (weapon)
 j - a +0 blowgun
Missiles
 k - 18 poisoned needles
Armour
 a - a +0 robe (worn)
Jewellery
 c - a ring of resist corrosion (left hand)
 l - an uncursed ring of stealth {unknown}
Wands
 g - a wand of random effects (19)
Scrolls
 d - 2 scrolls of teleportation {!r, unknown}
 e - 3 scrolls of fear {!r}
 f - a scroll of random uselessness {!r, unknown}
 i - a scroll of amnesia {!r}
 m - a scroll of identify {!r}


   Skills:
 - Level 1.5 Dodging
 - Level 1.5 Stealth
 + Level 5.5 Spellcasting
 - Level 0.7 Conjurations
 * Level 5.6 Ice Magic


You had 4 spell levels left.
You knew the following spells:

 Your Spells              Type           Power        Failure   Level  Hunger
a - Freeze                Ice            ###.         1%          1    N/A
b - Summon Ice Beast      Ice/Summ       ##......     38%         4    N/A
d - Throw Icicle          Conj/Ice       ###.....     34%         4    N/A
z - Ozocubu's Armour      Chrm/Ice       ##......     13%         3    N/A

Your spell library contained the following spells:

 Spells                   Type           Power        Failure   Level  Hunger
 Throw Frost              Conj/Ice       ###...       5%          2    N/A

Dungeon Overview and Level Annotations

Branches:
Dungeon (6/15)             Temple (1/1) D:4

Altars:
Ashenzari
Cheibriados
Dithmenos
Fedhas
Gozag
Hepliaklqana
Makhleb
Nemelex Xobeh
Okawaru
Qazlal
Ru
Sif Muna
Uskayaw
Vehumet
Xom
Yredelemnul

Annotations:
D:2 Natasha


Innate Abilities, Weirdness & Mutations

You do not eat or drink.
Your flesh is vulnerable to fire.
You are immune to poison.
Your flesh is cold resistant. (rC+)
You are immune to negative energy. (rN+++)
You are immune to unholy pain and torment.
You can survive without breathing.


Message History

The adder hisses angrily.
Natasha mumbles some strange words.
The bat barely misses you. The adder bites you.
There are monsters nearby!
You hit the adder.
The adder is almost dead.
The bat misses you.
The bat barely misses you. x2; The goblin hits you.
The adder barely misses you.
Casting: Freeze (safe; 1% risk of failure)
Confirm with . or Enter, or press ? or * to list all spells.
Aiming: Freeze (safe; 1% risk of failure)
Press: ? - help, Shift-Dir - straight line, f/p - adder
Aim: an adder (almost dead, slow)
You freeze the adder.
You kill the adder!
Vehumet accepts your kill. The bat closely misses you. The bat hits you.
The goblin hits you.
There are monsters nearby!
You hit Natasha but do no damage. The bat hits you but does no damage.
The bat barely misses you. Natasha claws you. The goblin barely misses you.
Natasha claws you.
Casting: Freeze (safe; 1% risk of failure)
Confirm with . or Enter, or press ? or * to list all spells.
Aiming: Freeze (safe; 1% risk of failure)
Press: ? - help, Shift-Dir - straight line, f - Natasha
Aim: Natasha You freeze Natasha.
Natasha is heavily wounded.
The bat closely misses you. The bat hits you but does no damage.
The goblin barely misses you. Natasha claws you!
* * * LOW HITPOINT WARNING * * *
There are monsters nearby!
You hit Natasha.
Natasha is heavily wounded.
The bat closely misses you. The bat hits you.
* * * LOW HITPOINT WARNING * * *
The goblin closely misses you. Natasha completely misses you.
The goblin hits you.
* * * LOW HITPOINT WARNING * * *
The bat barely misses you.
Casting: Freeze (safe; 1% risk of failure)
Confirm with . or Enter, or press ? or * to list all spells.
Aiming: Freeze (safe; 1% risk of failure)
Press: ? - help, Shift-Dir - straight line, f/p - Natasha
Aim: Natasha (heavily wounded)
You freeze Natasha.
Natasha is severely wounded.
The bat hits you but does no damage. Natasha claws you.
* * * LOW HITPOINT WARNING * * *
The goblin hits you.
* * * LOW HITPOINT WARNING * * *
There are monsters nearby!
You are too injured to fight recklessly!
Casting: Freeze (safe; 1% risk of failure)
Confirm with . or Enter, or press ? or * to list all spells.
Aiming: Freeze (safe; 1% risk of failure)
Press: ? - help, Shift-Dir - straight line, f/p - Natasha
Aim: Natasha (severely wounded)
You freeze Natasha.
Natasha is almost dead.
The bat barely misses you.
Natasha stares at you and mumbles some strange words.
The magic dart hits you!
You die...

..###.####..#.......
##<...##...#..#####
##.#####.###.## ..(#
#..# #.# #. ####
##.####.# #... #
#..###..#####...# #
#.###..###.).$# #
#.# #.#....####.###
######.#
#...###@hS.....
.......##...##
#bg5.....
#########.###
#r....... ##
#...>.... ...!.....
#### #........ .....
######### #####


You could see Natasha, an adder, a white imp, a goblin, a bat and a rat.

Vanquished Creatures
  3 big kobolds (Sewer)
  An orc priest (D:4)
  An orc wizard (D:4)
  Jessica (D:2)
  A worker ant (D:4)
  11 adders
  3 river rats
  3 oozes
  3 worms (Sewer)
  A leopard gecko (D:3)
  An orc (D:4)
  4 giant cockroaches
  2 goblins (D:1)
  4 hobgoblins (D:1)
  6 jackals
  3 ball pythons (Sewer)
  3 bats
  3 frilled lizards
  A jackal skeleton (D:4)
  A jackal zombie (D:5)
  5 kobolds
  3 rats
  2 butterflies (D:2)
66 creatures vanquished.

Notes
Turn   | Place    | Note
-------+----------+-------------------------------------------
     0 | D:1      | Amnesiac the Mummy Ice Elementalist began the quest for the
                  | Orb.
     0 | D:1      | Reached XP level 1. HP: 13/13 MP: 4/4
   282 | D:2      | Noticed Jessica
   287 | D:2      | Killed Jessica
   287 | D:2      | Reached XP level 2. HP: 18/19 MP: 3/6
   287 | D:2      | Reached XP level 3. HP: 23/24 MP: 3/7
   302 | D:2      | Learned a level 3 spell: Ozocubu's Armour
   411 | D:2      | Found a shimmering altar of Xom.
   669 | D:4      | Reached XP level 4. HP: 23/30 MP: 1/9
   677 | D:5      | Entered Level 5 of the Dungeon
   714 | D:6      | Noticed an orc warrior
  1054 | D:4      | Found a glowing drain.
  1058 | Sewer    | Entered a sewer
  1249 | Sewer    | Reached XP level 5. HP: 35/35 MP: 5/11
  1430 | Sewer    | Learned a level 4 spell: Throw Icicle
  1435 | Sewer    | Learned a level 4 spell: Summon Ice Beast
  1864 | Sewer    | Reached skill level 5 in Spellcasting
  1864 | Sewer    | Reached skill level 5 in Ice Magic
  1864 | Sewer    | Reached XP level 6. HP: 31/41 MP: 4/13
  2094 | D:4      | Found a staircase to the Ecumenical Temple.
  2247 | Temple   | Entered the Ecumenical Temple
  2253 | Temple   | Became a worshipper of Vehumet
  2996 | D:2      | Noticed Natasha
  3006 | D:2      | Killed from afar by Natasha

Vault maps used:
D:1:      sevenhm_arrival_forest_fort_small_4
D:2:      xom_butterflies, uniq_sigmund, uniq_natasha, uniq_jessica
D:3:      grunt_temple_overflow_open, uniq_grinder
D:4:      minmay_temple_entry_trees, gup_sewer_entry_bowl, first_ration
D:5:      gammafunk_ghost_grave
D:6:      serial_shops, shop, minmay_misc_feat_diagonals,
          minmay_misc_feat_hallway, uniq_eustachio
Temple:   minmay_freezing_vapour_temple
Sewer:    sewer_co_15_rooms

Skill      XL: |  1  2  3  4  5 |
---------------+----------------+-----
Spellcasting   | 3 4 5 |  5.5
Ice Magic      | 3 4 5 |  5.6
Dodging        | |  1.5
Stealth        | |  1.5
Conjurations   | |  0.7

Action                   |  1- 3 |  4- 6 || total
-------------------------+-------+-------++-------
Melee: Unarmed           |     4 |       ||     4
       Mace              |     1 |    30 ||    31
 Cast: Freeze            |    25 |   120 ||   145
       Ozocubu's Armour  |     1 |       ||     1
  Use: Scroll            |       |     5 ||     5
Armor: Robe              |     2 |    18 ||    20
Dodge: Dodged            |    12 |    88 ||   100

Table legend:
 A = Non-vault XP
 B = Vault XP
 C = Vault XP percentage of total XP
 D = Non-vault monster count
 E = Vault monster count
 F = Vault count percentage of total count
                 A         B        C        D         E       F
            +---------+---------+-------+---------+---------+-------
      Total |     241 |     487 |  66.9 |      39 |      25 |  39.1
            +---------+---------+-------+---------+---------+-------
        D:1 |      31 |       0 |   0.0 |      17 |       0 |   0.0
        D:2 |      33 |      37 |  52.9 |       6 |       1 |  14.3
        D:3 |       5 |       0 |   0.0 |       2 |       0 |   0.0
        D:4 |     162 |      27 |  14.3 |      11 |       3 |  21.4
        D:5 |       8 |       0 |   0.0 |       2 |       0 |   0.0
     Temple |       2 |       0 |   0.0 |       1 |       0 |   0.0
      Sewer |       0 |     423 | 100.0 |       0 |      21 | 100.0
            +---------+---------+-------+---------+---------+-------
